 Dungeon Crawl Stone Soup version 0.25.0-26-g0c896c7088 (webtiles) character file.

Game seed: 496469118144307643

167015 MisterFreud the Brawler (level 17, -12/156 HPs)
             Began as a Ghoul Earth Elementalist on July 2, 2020.
             Was the Champion of Makhleb.
             Killed from afar by a spark wasp (14 damage)
             ... with a living lightning
             ... on level 4 of the Spider Nest on July 3, 2020.
             The game lasted 01:34:46 (43463 turns).

MisterFreud the Brawler (Ghoul Earth Elementalist) Turns: 43463, Time: 01:34:50

Health: -12/156    AC: 25    Str: 14      XL:     17   Next: 91%
Magic:  0/25       EV: 15    Int: 13 (15) God:    Makhleb [******]
Gold:   3243       SH: 12    Dex:  9 (12) Spells: 25/28 levels left

rFire    + . .     SeeInvis .     - Unarmed
rCold    + . .     Gourm    .   e - +0 kite shield
rNeg     + + +     Faith    .   m - quicksilver dragon scales
rPois    ∞         Spirit   +   H - +1 helmet
rElec    .         Reflect  .   z - +0 cloak
rCorr    .         Harm     .   q - +0 pair of gloves {Dex+3}
MR       ++...                  a - +2 pair of boots {run}
Stlth    +.........             y - amulet of guardian spirit
HPRegen  0.00/turn              R - +4 ring of protection
MPRegen  0.19/turn              Q - ring of protection from fire

@: very slightly contaminated, rotting, studying Dodging, quick
A: rotting body, claws 1, carnivore, cold resistance 1, negative energy
resistance 3, inhibited regeneration, torment resistance, unbreathing
a: Minor Destruction, Lesser Servant of Makhleb, Major Destruction, Greater
Servant of Makhleb, Renounce Religion


You were on level 4 of the Spider Nest.
You worshipped Makhleb.
Makhleb was exalted by your worship.
You were not hungry.

You visited 6 branches of the dungeon, and saw 30 of its levels.
You also visited: Sewer, Ossuary and Ice Cave.

You collected 3530 gold pieces.
You spent 287 gold pieces at shops.

Inventory:

Missiles
 b - 669 stones (quivered)
 E - 10 javelins
 P - 9 silver javelins
 Z - 3 throwing nets
Armour
 a - a +2 pair of boots of running (worn)
 e - a +0 kite shield (worn)
 m - quicksilver dragon scales (worn)
 q - a +0 pair of gloves of dexterity (worn)
 z - a +0 cloak (worn)
 H - a +1 helmet (worn)
Jewellery
 g - an uncursed amulet of the acrobat
 y - an amulet of guardian spirit (around neck)
 Q - a ring of protection from fire (right hand)
 R - a +4 ring of protection (left hand)
 S - an uncursed ring of wizardry
 W - an uncursed ring of protection from magic
Wands
 c - a wand of acid (19)
 s - a wand of iceblast (27)
 B - a wand of clouds (6)
 F - a wand of polymorph (14)
 G - a wand of digging (9)
 I - a wand of paralysis (1)
 O - a wand of flame (43)
 T - a wand of enslavement (18)
Scrolls
 i - 2 scrolls of immolation
 k - a scroll of silence
 l - 6 scrolls of identify
 n - 13 scrolls of teleportation
 o - 13 scrolls of remove curse
 A - 7 scrolls of amnesia
 C - 4 scrolls of fog
 K - a scroll of torment
 L - a scroll of enchant armour
 N - 7 scrolls of fear
 U - a scroll of magic mapping
 Y - a scroll of blinking
Potions
 h - a potion of ambrosia {unknown}
 p - 3 potions of invisibility
 r - 6 potions of haste
 v - 8 potions of curing
 w - 3 potions of magic
 x - 7 potions of brilliance
 J - a potion of cancellation
 M - 6 potions of flight
Books
 D - a manual of Dodging
Miscellaneous
 t - a box of beasts
 u - 2 phantom mirrors
 V - a lightning rod (4/4)
 X - a tin of tremorstones (3/3)
Comestibles
 d - 44 rations
 j - 3 chunks of flesh


   Skills:
 - Level 15.0 Fighting
 - Level 10.0 Armour
 - Level 12.0 Dodging
 - Level 2.1 Stealth
 + Level 14.6 Shields
 + Level 16.2 Unarmed Combat
 - Level 6.0 Spellcasting
 - Level 3.0 Translocations
   Level 0.8 Transmutations
 - Level 3.2 Earth Magic
 - Level 6.0 Invocations
 - Level 6.0 Evocations


You had 25 spell levels left.
You knew the following spells:

 Your Spells              Type           Power        Failure   Level  Hunger
a - Sandblast             Erth           ##....       9%          1    None
b - Blink                 Tloc           N/A          14%         2    ##.....

Your spell library contained the following spells:

 Spells                   Type           Power        Failure   Level  Hunger
 Passwall                 Tmut/Erth      #.......     21%         2    ##.....
 Shroud of Golubria       Chrm/Tloc      #.....       26%         2    ##.....
 Gell's Gravitas          Tloc           ##........   26%         3    ###....
 Lesser Beckoning         Tloc           ##........   26%         3    ###....
 Teleport Other           Tloc           ##......     26%         3    ###....
 Freeze                   Ice            #...         30%         1    None
 Magic Dart               Conj           #...         30%         1    None
 Call Imp                 Summ           #.......     43%         2    ##.....
 Slow                     Hex            #.......     43%         2    ##.....
 Stone Arrow              Conj/Erth      #.....       43%         3    ###....
 Ignite Poison            Fire/Tmut/Pois #.......     63%         3    ###....
 Passage of Golubria      Tloc           N/A          65%         4    ####...
 Conjure Flame            Conj/Fire      #.......     67%         3    ###....
 Frozen Ramparts          Ice            #.....       67%         3    ###....
 Mephitic Cloud           Conj/Pois/Air  #.......     67%         3    ###....
 Ozocubu's Armour         Chrm/Ice       #.......     67%         3    ###....
 Petrify                  Tmut/Erth      #.......     80%         4    ####...
 Lee's Rapid Deconstruct  Erth           ##........   92%         5    ######.
 Cause Fear               Hex            #.........   97%         4    ####...
 Hailstorm                Conj/Ice       #.......     97%         4    ####...
 Summon Ice Beast         Ice/Summ       #.......     97%         4    ####...
 Fireball                 Conj/Fire      #.........   100%        5    ######.
 Irradiate                Conj/Tmut      #.........   100%        5    ######.
 Metabolic Englaciation   Hex/Ice        #.........   100%        5    ######.
 Silence                  Hex/Air        #.........   100%        5    ######.
 Yara's Violent Unravell  Hex/Tmut       #.........   100%        5    ######.
 Freezing Cloud           Conj/Ice/Air   #.........   100%        6    #######
 Ozocubu's Refrigeration  Ice            #.........   100%        6    #######
 Simulacrum               Ice/Necr       #.........   100%        6    #######
 Starburst                Conj/Fire      #.........   100%        6    #######
 Ring of Flames           Chrm/Fire      #.........   100%        7    #######
 Discord                  Hex            #.........   100%        8    #######
 Ignition                 Fire           #.........   100%        8    #######
 Ice Form                 Ice/Tmut       Unusable     N/A         4    N/A
 Hydra Form               Tmut           Unusable     N/A         6    N/A
 Statue Form              Tmut/Erth      Unusable     N/A         6    N/A
 Dragon Form              Tmut           Unusable     N/A         7    N/A

Dungeon Overview and Level Annotations

Branches:
Dungeon (15/15)            Temple (1/1) D:6            Lair (6/6) D:8
  Swamp (2/4) Lair:3       Spider (4/4) Lair:3        Slime (0/5) Lair:6
    Orc (2/2) D:12            Elf (0/3) Orc:2        Vaults (0/5) D:13
 Depths (0/5) D:15          Sewer (visited)         Ossuary (visited)
  IceCv (visited)

Altars:
Ashenzari
Cheibriados
Dithmenos
Elyvilon
Fedhas
Gozag
Hepliaklqana
Kikubaaqudgha
Makhleb
Nemelex Xobeh
Okawaru
Qazlal
Ru
Sif Muna
Trog
Uskayaw
Vehumet
Wu Jian
Xom
Yredelemnul
Zin
The Shining One
Jiyva

Shops:
D:14 :   Orc:2 [[*:(

Portals:
Trove: D:12 (show abyssal rune of Zot)

Annotations:
D:2 1 runed translucent door, Crazy Yiuf
D:4 2 transporters, protoss039's ghost, amateur DEIE
D:5 1 runed translucent door, MisterFreud's ghost, amateur OpEE
D:6 3 runed translucent doors, Dirian's ghost, novice MiFi
Lair:2 exclusion: oklob plant
Lair:5 exclusion: 2 oklob plants
Lair:6 1 runed translucent door
Swamp:2 Nikola


Innate Abilities, Weirdness & Mutations

Your body is rotting away.
You thrive on raw meat.
You are immune to poison.
You have sharp fingernails.
You are carnivorous and can eat meat at any time.
Your flesh is cold resistant. (rC+)
You are immune to negative energy. (rN+++)
You do not regenerate when monsters are visible.
You are immune to unholy pain and torment.
You can survive without breathing.


Message History

The spark wasp is caught in a web!
The jumping spider closely misses you.
The jumping spider bites you but does no damage.
Blink to where?
Press: ? - help, Dir - move target cursor You are very lightly contaminated with residual magic.
As you read the scroll of blinking, it crumbles to dust.
The jumping spider leaps!
The spark wasp pulls away from the web.
Blink to where?
Press: ? - help, Dir - move target cursor
As you read the scroll of blinking, it crumbles to dust.
As you read the scroll of teleportation, it crumbles to dust.
You feel strangely unstable.
The jumping spider leaps!
The jumping spider leaps!
Your surroundings suddenly seem different.
A jumping spider comes into view.
The jumping spider hisses angrily.
You hear an angry hiss.
The jumping spider leaps!
The spark wasp bursts into living lightning!
The living lightning hits you!
You die...

##^.........
#...........
###......^...
#....^.s≈^^^^
#.#...###########
###...≈≈.^.≈..≈..
#.y○........s..
#...^..........
##s.^...@.......
#####....^.s^^......
##^.#..#######.^..^.^
#^#..### ####### ##
###..#.#### .#
##....#.###### .###
##....##.#..## #####
#..# ####...#.....##
####.).#
..#####.#.#"#.......#
#.^.##).


You could see a spark wasp, 2 jumping spiders and a tarantella.

Vanquished Creatures
  Arachne (Spider:3)
  Gastronok (D:8)
  2 thorn hunters (Swamp:1)
  3 orc warlords (Orc:1)
  4 ghost moths
  Louise (Spider:2)
  Aizul (Spider:3)
  An emperor scorpion (Spider:3)
  An ironheart preserver (D:13)
  2 entropy weavers
  A spark wasp (Spider:3)
  Azrael (Spider:3)
  Josephine (Swamp:1)
  Harold (Lair:2)
  A vault guard (D:12)
  A ghost crab (Swamp:2)
  A merfolk avatar (Lair:6)
  Fannar (D:11)
  9 hydras
  A centaur warrior (D:15)
  Erica (Lair:2)
  A shambling mangrove (Swamp:2)
  4 alligators
  8 two-headed ogres
  Urug (Lair:2)
  An orc high priest (Orc:2)
  2 skeletal warriors (D:15)
  A swamp dragon (Swamp:1)
  A flayed ghost (D:15)
  3 unseen horrors
  A glowing orange brain (Swamp:1)
  A harpy (Lair:6)
  A wizard (D:14)
  21 wolf spiders
  Pikel (D:4)
  2 necromancers
  A stone giant zombie (D:15)
  9 orc knights
  14 orb spiders
  2 manticores (Lair:6)
  An ugly thing (D:13)
  6 orc sorcerers
  8 deep elf magi (D:13)
  3 cyclopes
  Joseph (D:7)
  15 elephants
  An eye of devastation (Swamp:1)
  2 centaur zombies
  20 spiny frogs
  8 black mambas
  Maggie (D:9)
  An ice statue (IceCv)
  A gargoyle (D:13)
  3 torpor snails
  10 freezing wraiths (IceCv)
  A kobold demonologist (D:15)
  7 rime drakes (Lair:6)
  10 demonic crawlers
  4 komodo dragons
  A yaktaur (D:15)
  2 polar bears (Lair:6)
  6 tyrant leeches
  15 jumping spiders
  3 meliai (Spider:4)
  16 trolls
  9 hornets
  2 wolf spider simulacra (IceCv)
  10 blink frogs
  A bog body (Swamp:1)
  A raiju (Spider:4)
  20 slime creatures
  A meliai zombie (D:12)
  9 hippogriffs
  An ettin skeleton (D:15)
  3 shadows
  53 redbacks
  17 tarantellas
  5 wraiths
  5 wyverns
  4 fire elementals (Spider:3)
  3 vampires
  3 water elementals (D:12)
  50 yaks
  A hungry ghost (D:14)
  A hog (Spider:1)
  A death yak simulacrum (IceCv)
  3 steam dragons
  3 basilisks
  15 vampire mosquitoes
  10 insubstantial wisps (Swamp:1)
  4 wargs (Orc:2)
  A soldier ant (Lair:3)
  A human zombie (D:15)
  5 swamp worms
  An acid dragon (D:15)
  2 hell hounds (Spider:3)
  A human skeleton (D:15)
  12 water moccasins
  Duvessa (D:7)
  7 porcupines
  8 ice beasts
  48 orc warriors
  4 swamp drakes (Swamp:1)
  3 phantoms
  3 black bears
  26 ogres
  A necrophage (D:9)
  2 centaurs
  8 crocodiles
  2 big kobolds
  An elf zombie (Ossuary)
  14 bullfrogs
  7 scorpions
  Dowan (D:7)
  9 killer bees
  A water moccasin skeleton (D:5)
  An elephant simulacrum (IceCv)
  12 electric eels
  11 wights
  A howler monkey (D:5)
  9 crimson imps
  A bullfrog zombie (D:6)
  A quasit (D:8)
  2 draconian simulacra (IceCv)
  6 hounds
  A jelly (D:5)
  A gnoll shaman (D:5)
  28 orc priests
  26 orc wizards
  4 bullfrog skeletons
  5 centaur skeletons
  6 iguanas
  3 spriggan simulacra (IceCv)
  4 troll simulacra (IceCv)
  9 worker ants
  A big kobold zombie (Ossuary)
  2 centaur simulacra (IceCv)
  4 hound zombies
  3 mummies (Ossuary)
  Robin (D:4)
  15 gnolls
  8 adders
  4 naga simulacra (IceCv)
  4 ogre simulacra (IceCv)
  2 shadow imps
  24 white imps
  2 oozes
  2 adder skeletons
  3 adder zombies
  4 worms
  5 dart slugs
  8 leopard geckos
  99 orcs
  6 bats
  A bat zombie (D:3)
  6 giant cockroaches
  3 gnoll zombies (Ossuary)
  9 goblins
  14 hobgoblins
  13 jackals
  17 kobolds
  6 quokkas
  9 ball pythons
  7 frilled lizards
  3 goblin zombies (Ossuary)
  3 hobgoblin zombies (Ossuary)
  3 jackal zombies
  4 kobold zombies (Ossuary)
  A leopard gecko skeleton (D:6)
  3 orc zombies (Ossuary)
  5 quokka zombies (Ossuary)
  12 rats
  7 rat zombies
  A fungus (D:2)
1116 creatures vanquished.

Vanquished Creatures (collateral kills)
  A hornet (Lair:6)
1 creature vanquished.

Vanquished Creatures (others)
  Jorgrun (Spider:3)
  A jumping spider (Spider:1)
  A hornet (Swamp:2)
  A slime creature (Swamp:2)
  A redback (Spider:4)
  A spriggan (Swamp:2)
  A yak (Lair:6)
  A hell hound (Spider:3)
  A swamp drake (Swamp:2)
  A slave (D:5)
  6 killer bees (D:12)
  A gnoll (D:5)
  A naga simulacrum (IceCv)
  A shadow imp (D:5)
  A quokka (D:12)
  A briar patch (Swamp:1)
  22 fungi
  20 plants
  6 toadstools (D:11)
69 creatures vanquished.

Grand Total: 1186 creatures vanquished

Notes
Turn   | Place    | Note
-------+----------+-------------------------------------------
     0 | D:1      | MisterFreud the Ghoul Earth Elementalist began the quest
                  | for the Orb.
     0 | D:1      | Reached XP level 1. HP: 14/14 MP: 2/2
    29 | D:1      | Reached skill level 1 in Unarmed Combat
   210 | D:1      | Reached XP level 2. HP: 20/20 MP: 3/3
   240 | D:1      | Reached skill level 2 in Unarmed Combat
   311 | D:1      | Reached XP level 3. HP: 18/26 MP: 4/4
   337 | D:1      | Reached skill level 3 in Unarmed Combat
  1146 | D:2      | Reached XP level 4. HP: 30/33 MP: 5/5
  1254 | D:2      | Reached skill level 4 in Unarmed Combat
  1262 | D:2      | HP: 1/33 [orc priest/+1 hand axe of venom (8)]
  1910 | D:1      | Reached skill level 5 in Unarmed Combat
  1910 | D:1      | Reached XP level 5. HP: 25/35 MP: 6/6
  2357 | D:2      | Reached skill level 6 in Unarmed Combat
  2588 | D:2      | Found a runed translucent door.
  2589 | D:2      | Noticed Crazy Yiuf
  2674 | D:3      | Reached skill level 1 in Fighting
  2674 | D:3      | Reached XP level 6. HP: 45/47 MP: 7/7
  2817 | D:3      | Found a glowing drain.
  2860 | Sewer    | Entered a sewer
  3752 | D:3      | Found an ancient bone altar of Kikubaaqudgha.
  3848 | D:3      | Found a faded altar of an unknown god.
  4498 | D:4      | Noticed Robin
  5046 | D:4      | Found a transporter.
  5047 | D:4      | Found a transporter.
  5047 | D:4      | Noticed protoss039's ghost (amateur DEIE)
  5048 | D:4      | Noticed a necrophage
  5182 | D:4      | Killed Robin
  5333 | D:4      | Reached XP level 7. HP: 50/59 MP: 4/8
  5771 | D:4      | Found a sacrificial altar of Ru.
  5788 | D:4      | Reached skill level 7 in Unarmed Combat
  5796 | D:4      | HP: 2/59 [hound (1)]
  6273 | D:5      | Entered Level 5 of the Dungeon
  6273 | D:5      | Noticed Pikel
  6292 | D:4      | Killed Pikel
  6292 | D:4      | Reached skill level 9 in Unarmed Combat
  6292 | D:4      | Reached XP level 8. HP: 57/65 MP: 6/9
  6508 | D:5      | Reached skill level 10 in Unarmed Combat
  7132 | D:5      | Reached skill level 5 in Fighting
  7295 | D:5      | Found a runed translucent door.
  7296 | D:5      | Noticed MisterFreud's ghost (amateur OpEE)
  7380 | D:6      | Reached XP level 9. HP: 42/78 MP: 5/10
  7646 | D:6      | Found a large runed translucent door.
  7647 | D:6      | Found a large runed translucent door.
  7649 | D:6      | Noticed Dirian's ghost (novice MiFi)
  7779 | D:6      | Found a runed translucent door.
  7780 | D:6      | Noticed an angel
  7781 | D:6      | Found a white marble altar of Elyvilon.
  8071 | D:6      | Found a glowing golden altar of the Shining One.
  8120 | D:6      | Found a staircase to the Ecumenical Temple.
  8152 | Temple   | Entered the Ecumenical Temple
  8665 | D:7      | Reached skill level 1 in Armour
  8765 | D:7      | You fall into a shaft and drop 1 floor!
  8828 | D:8      | Found a shattered altar of Ashenzari.
  8828 | D:8      | Found an opulent altar of Gozag.
  8828 | D:8      | Found a shimmering altar of Xom.
  8828 | D:8      | Found a white marble altar of Elyvilon.
  8836 | D:8      | Found a bloodstained altar of Trog.
  8836 | D:8      | Found a stormy altar of Qazlal.
  9057 | D:7      | Found a sparkling altar of Nemelex Xobeh.
  9269 | D:7      | Noticed Dowan
  9274 | D:7      | Found a sand-covered staircase.
  9282 | Ossuary  | Entered an ossuary
  9655 | D:7      | Killed Dowan
  9659 | D:7      | Noticed Duvessa
  9711 | D:7      | Killed Duvessa
  9769 | D:7      | Reached skill level 5 in Armour
  9783 | D:7      | Found a snail-covered altar of Cheibriados.
  9813 | D:7      | Noticed Joseph
  9832 | D:7      | Killed Joseph
 10161 | D:7      | Reached XP level 10. HP: 27/88 MP: 3/11
 10404 | D:7      | Found an iron altar of Okawaru.
 10540 | D:7      | Found a blossoming altar of Fedhas.
 10662 | D:8      | Noticed Gastronok
 10692 | D:8      | Killed Gastronok
 10692 | D:8      | Reached skill level 11 in Unarmed Combat
 10903 | D:8      | Noticed a death yak
 10904 | D:8      | Found a staircase to the Lair.
 10904 | D:8      | Noticed a death yak
 10905 | D:8      | Noticed a death yak
 11337 | Lair:1   | Entered Level 1 of the Lair of Beasts
 11358 | Lair:1   | Reached skill level 10 in Fighting
 11461 | D:8      | Reached skill level 12 in Unarmed Combat
 12058 | D:8      | Reached XP level 11. HP: 83/98 MP: 7/12
 12415 | D:9      | Noticed a two-headed ogre
 12424 | D:9      | Killed a two-headed ogre
 12507 | D:9      | Found a burning altar of Makhleb.
 12507 | D:9      | Noticed a blizzard demon
 12512 | D:9      | Became a worshipper of Makhleb the Destroyer
 12909 | D:9      | Noticed Maggie
 12931 | D:9      | Killed Maggie
 13400 | D:10     | Entered Level 10 of the Dungeon
 13499 | D:10     | Reached * piety under Makhleb
 13766 | D:10     | Killed an unseen horror
 14273 | D:10     | Noticed a two-headed ogre
 14286 | D:10     | Killed a two-headed ogre
 14483 | D:10     | Reached skill level 10 in Armour
 14504 | D:10     | Killed an unseen horror
 14917 | D:11     | Noticed a two-headed ogre
 14921 | D:11     | Noticed a two-headed ogre
 14926 | D:11     | Killed a two-headed ogre
 14926 | D:11     | Reached skill level 5 in Invocations
 14931 | D:11     | Killed a two-headed ogre
 14931 | D:11     | Reached XP level 12. HP: 106/106 MP: 12/15
 15048 | D:11     | Noticed Fannar
 15086 | D:11     | Killed Fannar
 15400 | D:11     | Identified a scroll of acquirement
 15820 | D:12     | Reached skill level 13 in Unarmed Combat
 15831 | D:12     | Reached ** piety under Makhleb
 16514 | D:12     | Found a staircase to the Orcish Mines.
 16613 | D:12     | Reached *** piety under Makhleb
 16623 | D:12     | Reached skill level 14 in Unarmed Combat
 16761 | D:12     | Noticed a vault guard
 16786 | D:12     | Killed a vault guard
 16786 | D:12     | Reached skill level 5 in Dodging
 16790 | D:12     | Found a portal to a secret trove of treasure.
 17429 | D:13     | Found a frozen archway.
 17452 | IceCv    | Entered an ice cave
 17509 | IceCv    | Reached XP level 13. HP: 111/111 MP: 16/16
 17516 | IceCv    | Reached **** piety under Makhleb
 18189 | IceCv    | Reached skill level 15 in Unarmed Combat
 18249 | IceCv    | Found an ancient bone altar of Kikubaaqudgha.
 19106 | D:13     | Reached skill level 10 in Dodging
 19456 | D:13     | Reached ***** piety under Makhleb
 19874 | D:13     | Found a gate to the Vaults.
 19874 | D:13     | Noticed an ironheart preserver
 19918 | D:13     | Killed an ironheart preserver
 21193 | Lair:2   | Noticed Harold
 21218 | Lair:2   | Killed Harold
 21218 | Lair:2   | Reached skill level 1 in Shields
 21508 | Lair:2   | Noticed Erica
 21520 | Lair:2   | Killed Erica
 21587 | Lair:2   | Reached XP level 14. HP: 127/127 MP: 17/17
 21708 | Lair:2   | Noticed Urug
 21730 | Lair:2   | Killed Urug
 22470 | Lair:3   | Found a staircase to the Swamp.
 23544 | Lair:3   | Found a hole to the Spider Nest.
 24934 | Lair:5   | Reached skill level 15 in Fighting
 25626 | Lair:6   | Entered Level 6 of the Lair of Beasts
 25651 | Lair:6   | Reached skill level 5 in Shields
 25933 | Lair:6   | Reached ****** piety under Makhleb
 26086 | Lair:6   | Reached XP level 15. HP: 139/141 MP: 11/18
 26600 | Lair:6   | Found a runed translucent door.
 26600 | Lair:6   | Found a viscous altar of Jiyva.
 26600 | Lair:6   | Noticed an azure jelly
 26601 | Lair:6   | Found a staircase to the Slime Pits.
 26601 | Lair:6   | Noticed an azure jelly
 26601 | Lair:6   | Noticed an azure jelly
 28041 | D:14     | Found Ocwaumua's Book Emporium.
 28315 | D:15     | Entered Level 15 of the Dungeon
 28685 | D:15     | Found a staircase to the Depths.
 29103 | D:15     | Reached skill level 10 in Shields
 29495 | D:15     | Found a snail-covered altar of Cheibriados.
 29798 | Orc:1    | Entered Level 1 of the Orcish Mines
 30077 | Orc:1    | Found a dark tunnel.
 30264 | Orc:2    | Entered Level 2 of the Orcish Mines
 30264 | Orc:2    | Found a staircase to the Elven Halls.
 30710 | Orc:2    | Noticed an orc warlord
 30864 | Orc:1    | Killed an orc warlord
 31051 | Orc:2    | Found Femaif's General Store.
 31200 | Orc:2    | Found Luothraurr's Antique Weapon Emporium.
 31215 | Orc:2    | Found Uraiceujo's Book Boutique.
 31529 | Orc:2    | Found Kitezyen's Antique Armour Boutique.
 31590 | Orc:2    | Noticed an orc warlord
 31626 | Orc:1    | Reached XP level 16. HP: 132/149 MP: 19/19
 32436 | Orc:2    | Found Jihiull's Antique Armour Emporium.
 32880 | Orc:2    | Identified a +0 pair of boots of running (You found it on
                  | level 2 of the Orcish Mines)
 33289 | Spider:1 | Entered Level 1 of the Spider Nest
 33769 | Spider:1 | Reached skill level 1 in Evocations
 34545 | Spider:1 | Learned a level 2 spell: Blink
 34682 | Spider:2 | Reached skill level 1 in Translocations
 34732 | Spider:2 | Noticed Louise
 35188 | Spider:2 | Reached skill level 5 in Evocations
 35905 | Spider:2 | Killed Louise
 36954 | Orc:2    | Bought a kite shield for 103 gold pieces
 36985 | Orc:2    | Bought a scroll of blinking for 120 gold pieces
 36985 | Orc:2    | Bought a potion of might for 64 gold pieces
 37014 | D:12     | Reached XP level 17. HP: 156/156 MP: 23/23
 37251 | Spider:3 | Noticed Aizul
 37290 | Spider:3 | Killed Aizul
 37290 | Spider:3 | Reached skill level 5 in Spellcasting
 37553 | Spider:3 | Noticed Jorgrun
 37558 | Spider:3 | Noticed Azrael
 37572 | Spider:3 | Killed Jorgrun
 38022 | Swamp:1  | Entered Level 1 of the Swamp
 39495 | Swamp:1  | Noticed Josephine
 39530 | Swamp:1  | Killed Josephine
 40882 | Swamp:2  | Noticed Nikola
 41110 | Spider:3 | Killed Azrael
 41217 | Spider:3 | Noticed Arachne
 41249 | Spider:3 | Killed Arachne
 42235 | Spider:4 | Entered Level 4 of the Spider Nest
 42270 | Spider:3 | Reached skill level 16 in Unarmed Combat
 43456 | Spider:4 | HP: 1/156 [spark wasp/living lightning (16)]
 43463 | Spider:4 | Killed from afar by a spark wasp

Illustrated notes

Levels and vault maps discovered:
D:1:      wander_arrival_desolate, layout_basic
D:2:      cheibrodos_pilgrimage, layout_basic, serial_glass, glass_columns_b,
          glass_columns_a, glass_columns_b, glass_columns_a, glass_columns_c,
          glass_columns_a, glass_columns_c, glass_columns_a, glass_columns_c,
          glass_columns_b, glass_columns_b, glass_columns_b, glass_columns_a,
          glass_columns_a, first_ration, minmay_strange_pillars,
          uniq_crazy_yiuf_cottage
D:3:      layout_basic, lemuel_zombie_altar_kikubaaqudgha,
          cheibrodos_sewer_entry_drain, chequers_ecumenical_altar_simple_redux
D:4:      layout_layer_cave, gammafunk_ghost_mausoleum, kennysheep_diamond,
          minmay_misc_feat_roman, minmay_diced_spiral, uniq_robin
D:5:      layout_basic, ebering_ghost_reflecting_pool, uniq_pikel
D:6:      layout_basic, tso_metal_star, minmay_temple_entry_junction,
          ebering_ghost_disaster_area, lemuel_angel_altar
D:7:      layout_gridville, lemuel_doored_altar, fedhas_altar_decomposition,
          kennysheep_mini_moat, enter_ossuary_4, basic_altar, uniq_joseph,
          uniq_duvessa
D:8:      layout_basic, minmay_overflow_temple_hex, dpeg_lair_monsters,
          uniq_gastronok
D:9:      layout_cave_pods, makhleb_altar_promises_db, blue_anna_alchemist
          [blue_anna_fruit_fields, blue_anna_fruit_fields], uniq_maggie
D:10:     layout_small_grid
D:11:     layout_irregular_city, minmay_misc_feat_more_columns,
          corexii_corridor_pit, minmay_gold_behind_fungi, uniq_fannar
D:12:     layout_roguey, erik_orc_2, enter_trove_5, chequers_decorated_corner,
          ebering_dispersal_statue_hall, lemuel_old_faithful
D:13:     layout_loops_ring, skrybe_vaults_entry_preservation,
          portal_ice_cave_entry_imps, elves_outpost_lemuel
D:14:     layout_cave_pods, solitary_fountain, serial_shops, shop
D:15:     gammafunk_depths_entry_grave, layout_gridville, cheibriados_altar_1,
          grunt_ministairs_5
Temple:   eino_wide_crystal_templ
Lair:1:   layout_roguey, patterned_corridor
Lair:2:   layout_gridlike, st_stairs_3, minmay_lair_oklob_items,
          serial_bayou_shore_a, uniq_erica, uniq_harold, uniq_urug
Lair:3:   cheibrodos_lair_river_kwai, layout_regular_city,
          minmay_swamp_entry_eels, nicolae_spider_entry_orb_guardian,
          lemuel_fruit_tree
Lair:4:   layout_big_grid
Lair:5:   layout_small_grid, minmay_lair_oklob_chamber
Lair:6:   gammafunk_lair_ancient_temple, layout_misc_corridors, slime_altar_2,
          chequers_serial_rivers_micro_b
Swamp:1:  layout_falls_marsh, nicolae_swamp_dense_foliage, swamp_pool3,
          cheibrodos_swamp_pet_leeches, uniq_josephine
Swamp:2:  layout_basic_swamp, evilmike_swamp_ruin_house_6, uniq_nikola
Spider:1: layout_spider_delve
Spider:2: layout_chambers, nicolae_spider_shape, uniq_louise
Spider:3: layout_spider_delve, hangedman_spider_mandibles,
          guppyfry_spider_mini_3, uniq_azrael, uniq_jorgrun, uniq_aizul,
          uniq_arachne
Spider:4: grunt_spider_rune_parallel
Orc:1:    layout_diamond_mine, nicolae_volcano_entry_lava_flow
Orc:2:    grunt_orc_gardens, layout_caves, grunt_orc_garden, grunt_orc_garden,
          grunt_orc_garden, grunt_orc_garden, serial_shops, shop,
          minmay_orc_treasury

Skill      XL: |  1  2  3  4  5  6  7  8  9 10 11 12 13 14 15 16 17 |
---------------+----------------------------------------------------+-----
Unarmed Combat | 1 2 3 5 6 9 10 12 14 15 16 | 16.2
Fighting       | 1 4 6 8 10 12 15 | 15.0
Armour         | 6 10 | 10.0
Invocations    | 6 |  6.0
Dodging        | 7 10 12 | 12.0
Shields        | 3 7 11 13 14 | 14.6
Evocations     | 6 |  6.0
Translocations | 3 |  3.0
Spellcasting   | 4 6 |  6.0
Stealth        | |  2.1
Transmutations | |  0.8
Earth Magic    | |  3.2

Action                   |  1- 3 |  4- 6 |  7- 9 | 10-12 | 13-15 | 16-18 || total
-------------------------+-------+-------+-------+-------+-------+-------++-------
Melee: Unarmed           |   140 |   456 |   537 |   910 |  2230 |  2114 ||  6387
       Punch             |     2 |     3 |     9 |    40 |    25 |       ||    79
 Cast: Sandblast         |       |       |       |     1 |       |       ||     1
Evoke: Wand              |       |       |       |     5 |    10 |    42 ||    57
       Tin of tremorston |       |       |       |       |       |     1 ||     1
  Use: Scroll            |       |     6 |     9 |    19 |     7 |    10 ||    51
       Potion            |       |       |     2 |     1 |     5 |     7 ||    15
 Stab: Distracted        |     1 |       |       |       |       |       ||     1
       Sleeping          |     1 |       |     1 |       |     1 |       ||     3
       Confused          |       |       |       |       |     3 |       ||     3
       Paralysed         |       |       |       |       |       |     5 ||     5
       Invisible         |       |       |       |       |       |     2 ||     2
       Held in net/web   |       |       |       |       |       |     2 ||     2
  Eat: Chunk             |     8 |    27 |    14 |    45 |    82 |   116 ||   292
       Ration            |       |       |       |       |     1 |       ||     1
Armor: Robe              |    45 |    23 |       |       |       |       ||    68
       Chain mail        |       |   248 |   176 |       |       |       ||   424
       Quicksilver drago |       |       |   106 |   483 |   871 |  1084 ||  2544
Dodge: Dodged            |   101 |   157 |   160 |   387 |  1325 |  1466 ||  3596
Block: Buckler           |       |       |       |       |   451 |   384 ||   835
       Kite shield       |       |       |       |       |       |   722 ||   722
